 Dungeon Crawl Stone Soup version 0.21.1-1-g345015f (webtiles) character file.

1940 glosham the Cleaver (level 9, -32/56 HPs)
             Began as an Octopode Berserker on Apr 6, 2018.
             Was a Priest of Trog.
             Hit by a large rock thrown by a cyclops (45 damage)
             ... on level 8 of the Dungeon.
             The game lasted 00:35:30 (1944 turns).

glosham the Cleaver (Octopode Berserker)            Turns: 1944, Time: 00:35:31

Health: -32/56     AC:  1    Str: 19    XL:     9   Next: 18%
Magic:  9/9        EV: 14    Int: 10    God:    Trog [***...]
Gold:   264        SH:  0    Dex: 11    Spells: 8/8 levels left

rFire    . . .     SeeInvis .   a - +0 hand axe
rCold    . . .     Gourm    .   (no shield)
rNeg     . . .     Faith    .   (helmet restricted)
rPois    .         Spirit   .   z - amulet of magic regeneration
rElec    .         Reflect  .   (no ring)
rCorr    .         Harm     .   (no ring)
MR       .....                  (no ring)
Stlth    ++........             (no ring)
HPRegen  0.18/turn              (no ring)
MPRegen  0.36/turn              (no ring)
                                (no ring)
                                (no ring)

@: berserk cooldown
A: almost no armour, stealthy swim, amphibious, 8 rings, constrict 8, camouflage
1, gelatinous body 1
a: Berserk, Trog's Hand, Burn Spellbooks, Renounce Religion


You were on level 8 of the Dungeon.
You worshipped Trog.
Trog was most pleased with you.
You were not hungry.

You visited 1 branch of the dungeon, and saw 8 of its levels.

You collected 264 gold pieces.

Inventory:

Hand Weapons
 a - a +0 hand axe (weapon)
 b - a +0 spear
Missiles
 f - 19 bolts
 i - 42 arrows
Jewellery
 z - an amulet of magic regeneration (around mantle)
Wands
 j - a wand of random effects (46)
Scrolls
 h - a scroll of teleportation
 l - a scroll of remove curse
Comestibles
 c - 4 chunks of flesh
 e - 9 rations


   Skills:
 - Level 3.0 Fighting
 * Level 11.8 Axes
 - Level 3.0 Dodging


You had 8 spell levels left.
You didn't know any spells.

Dungeon Overview and Level Annotations

Branches:
Dungeon (8/15)               Lair (0/6) D:8
 Temple: D:4-7

Altars:
Hepliaklqana
Kikubaaqudgha
Nemelex Xobeh
Sif Muna
Vehumet


Innate Abilities, Weirdness & Mutations

You cannot wear most types of armour.
You are very stealthy in the water. (Stealth+)
You are amphibious.
You can wear up to eight rings at the same time.
You can use your tentacles to constrict eight enemies at once.
Your skin changes colour to match your surroundings (Stealth+).
Your rubbery body absorbs attacks. (AC +1, EV +1)


Message History

You eat one of the 4 chunks of flesh.
This raw flesh tastes terrible.
You feel a strong urge to attack something.
You feel your anger nearly subside.
You are no longer berserk.
You are exhausted.
You feel yourself slow down.
A bullfrog comes into view.
Found 13 gold pieces.
The helpless bullfrog fails to defend itself.
You hit the bullfrog. Your grab misses the bullfrog. You squeeze the bullfrog.
The bullfrog is moderately wounded.
The bullfrog completely misses you. The bullfrog hits you.
You are feeling hungry.
You hit the bullfrog. You grab the bullfrog.
The bullfrog is heavily wounded.
You constrict the bullfrog. The bullfrog hits you!
You hit the bullfrog.
The bullfrog is severely wounded.
You feel a little less agile now.
You constrict the bullfrog. The bullfrog hits you. The bullfrog hits you!
* * * LOW HITPOINT WARNING * * *
You slash the bullfrog!
You kill the bullfrog!
Trog accepts your kill.
Eat one of 3 chunks of flesh? (ye/n/q)
You eat one of the 3 chunks of flesh.
This raw flesh tastes terrible.
You see here a bullfrog corpse.
You butcher the bullfrog corpse.
c - 4 chunks of flesh (gained 2)
You now have 264 gold pieces (gained 13).
An orc comes into view.
You hear the faint creaking of a distant portcullis.
You feel yourself speed up.
Found an iron wand.
The orc shouts!
You open the door.
A two-headed ogre and a cyclops come into view.
The cyclops shouts!
The cyclops throws a large rock.
The large rock hits you!!!
Ouch! That really hurt!
You die...

#. +# #.# ##.## #.# #...
#.# .o/ ###.# ##+######
# ...# ##...#.#.# #C#..
#.###........#......
#...........@'......
#####.###........#...O..
......# ##...#.#.# #.#..
......# ##+###### #
......# ......# ......#
.....(# ......#


You could see a two-headed ogre, a cyclops and an orc.

Vanquished Creatures
  A two-headed ogre (D:8)
  The ghost of empire the Ducker, an amateur GnGl (D:3)
  2 hell hounds (D:8)
  An orc warrior (D:5)
  2 ogres
  2 bullfrogs
  A water moccasin zombie (D:8)
  An orc priest (D:8)
  A centaur skeleton (D:6)
  5 orc wizards
  5 worker ants
  A hound skeleton (D:4)
  Robin (D:3)
  3 adders
  An adder skeleton (D:7)
  A dart slug (D:2)
  2 leopard geckos
  11 orcs
  A ball python (D:3)
  3 bats (D:3)
  2 giant cockroaches
  12 goblins
  4 hobgoblins
  14 jackals
  5 frilled lizards
  A jackal skeleton (D:4)
  3 rats
87 creatures vanquished.

Vanquished Creatures (others)
  A jackal (D:8)
1 creature vanquished.

Grand Total: 88 creatures vanquished

Notes
Turn   | Place    | Note
-------+----------+-------------------------------------------
     0 | D:1      | glosham the Octopode Berserker began the quest for the Orb.
     0 | D:1      | Reached XP level 1. HP: 16/16 MP: 1/1
    75 | D:3      | Noticed empire's ghost (amateur GnGl)
    85 | D:4      | Reached XP level 2. HP: 20/21 MP: 2/2
   103 | D:4      | You fall through a shaft!
   103 | D:5      | Entered Level 5 of the Dungeon
   103 | D:5      | Found a radiant altar of Vehumet.
   107 | D:5      | Noticed an orc warrior
   127 | D:5      | Reached skill level 4 in Axes
   127 | D:5      | Reached XP level 3. HP: 24/26 MP: 3/3
   142 | D:5      | Noticed an ogre
   152 | D:5      | Killed an orc warrior
   152 | D:5      | Reached skill level 5 in Axes
   152 | D:5      | Reached XP level 4. HP: 24/31 MP: 4/4
   152 | D:5      | Reached XP level 5. HP: 28/36 MP: 5/5
   173 | D:5      | Reached skill level 6 in Axes
   254 | D:3      | Noticed Robin
   273 | D:3      | HP: 2/36 [frilled lizard (2)]
   274 | D:3      | You fall through a shaft!
   288 | D:4      | HP: 3/36 [frilled lizard (1)]
   330 | D:4      | Found a deep blue altar of Sif Muna.
   368 | D:4      | Found a sparkling altar of Nemelex Xobeh.
   446 | D:4      | Reached ** piety under Trog
   453 | D:4      | Reached XP level 6. HP: 28/42 MP: 6/6
   658 | D:3      | Killed empire's ghost
   658 | D:3      | Reached skill level 7 in Axes
   658 | D:3      | Reached XP level 7. HP: 24/46 MP: 7/7
  1029 | D:3      | Reached skill level 8 in Axes
  1076 | D:3      | Killed Robin
  1183 | D:5      | Found a hazy altar of Hepliaklqana.
  1245 | D:5      | Found an ancient bone altar of Kikubaaqudgha.
  1324 | D:6      | Reached *** piety under Trog
  1365 | D:7      | Reached skill level 9 in Axes
  1659 | D:7      | Reached XP level 8. HP: 26/52 MP: 8/8
  1853 | D:8      | Found a staircase to the Lair.
  1856 | D:8      | Reached skill level 10 in Axes
  1889 | D:8      | Noticed a two-headed ogre
  1907 | D:8      | Killed a two-headed ogre
  1907 | D:8      | Reached skill level 11 in Axes
  1907 | D:8      | Reached XP level 9. HP: 39/56 MP: 9/9
  1944 | D:8      | Noticed a cyclops
  1944 | D:8      | Noticed a two-headed ogre
  1944 | D:8      | Hit by a large rock thrown by a cyclops

Skill      XL: |  1  2  3  4  5  6  7  8 |
---------------+-------------------------+-----
Axes           | 4 5 6 7 9 11 | 11.8
Fighting       | |  3.0
Dodging        | |  3.0

Action                   |  1- 3 |  4- 6 |  7- 9 || total
-------------------------+-------+-------+-------++-------
Melee: Hand axe          |    22 |    61 |   146 ||   229
       Constrict         |     6 |    11 |    32 ||    49
       Tentacles         |     5 |    14 |    32 ||    51
Invok: Berserk           |     1 |     4 |     4 ||     9
  Use: Scroll            |     1 |     3 |     1 ||     5
       Potion            |     1 |     1 |     5 ||     7
 Stab: Sleeping          |     1 |     1 |     6 ||     8
  Eat: Chunk             |       |     3 |     9 ||    12
Armor: Skin              |     1 |     6 |     5 ||    12
Dodge: Dodged            |    11 |    38 |    52 ||   101

Table legend:
 A = Turns spent in this place as a percentage of turns spent in the entire game.
 B = Non-inter-level travel turns spent in this place as a percentage of non-inter-level travel turns spent in the entire game.
 C = Inter-level travel turns spent in this place as a percentage of turns spent in this place.
 D = Turns resting spent in this place as a percentage of non-inter-level travel turns spent in this place.
 E = Turns spent auto-exploring this place as a percentage of non-inter-level travel turns spent in this place.
 F = Non-inter-level travel turns spent in this place divided by the number of levels of this place that you've seen.
                   A       B       C       D       E      F
               +-------+-------+-------+-------+-------+----------------------
         Total | 100.0 | 100.0 |   6.2 |   0.0 |   0.0 | 227.9
       Dungeon | 100.0 | 100.0 |   6.2 |   0.0 |   0.0 | 227.9
               +-------+-------+-------+-------+-------+----------------------

Table legend:
 A = Kills in this place as a percentage of kills in entire the game.
 B = Kills by you in this place as a percentage of kills by you in the entire game.
 C = Kills by friends in this place as a percentage of kills by friends in the entire game.
 D = Other kills in this place as a percentage of other kills in the entire game.
 E = Experience gained in this place as a percentage of experience gained in the entire game.
 F = Experience gained in this place divided by the number of levels of this place that you have seen.
                   A       B       C       D       E      F
               +-------+-------+-------+-------+-------+----------------------
         Total | 100.0 | 100.0 |   N/A |   N/A | 100.0 | 346.5
       Dungeon | 100.0 | 100.0 |   N/A |   N/A | 100.0 | 346.5
               +-------+-------+-------+-------+-------+----------------------

Vault maps used:
D:1:      evilmike_arrival_rings
D:2:      marbit_many_paths, serial_glass, glass_columns_b, glass_columns_a,
          chequers_ecumenical_altar_lobes, serial_bayou_pond_e
D:3:      uniq_robin
D:4:      lemuel_doored_altar, nemelex_diamond_rough_becter
D:5:      kiku_gazebo_pond_becter, kennysheep_little_box, first_ration,
          basic_altar, trog_three_pillars_becter
D:6:      nicolae_overflow_crystal_walls, minmay_temple_entry_glassed_door,
          uniq_menkaure
D:7:      xom_teletrap_fun, grunt_livestock, makhleb_altar_promises_db
D:8:      wad_arrow_thing, lemuel_coloured_pillars_altar,
          minmay_lair_entry_lava, serial_shops, shop, enter_bailey_2,
          david_defended_altar_elf, uniq_maurice
